TOP OF THE 1ST |
Nashua Redlegs batting - Pitching for El Paso Texans : RHP Cliff Wolfe
|
Pitching: RHP Cliff Wolfe
|
|
Batting: SHB Ryan Holcomb
|
0-0: SOLO HOME RUN (Flyball, 7D), Distance : 395 ft
|
Batting: RHB Spencer Pritchett
|
0-0: Called Strike 0-1: Ball 1-1: Ball 2-1: Ball 3-1: Base on Balls
|
Batting: RHB Currito Campos
|
0-0: Called Strike 0-1: Ball 1-1: Called Strike 1-2: Foul Ball, location: 2F 1-2: Fly out, F9 (Flyball, 9LM)
|
Batting: RHB Eleuterio Supardo
|
0-0: Ball 1-0: Called Strike 1-1: Foul Ball, location: 2F 1-2: Grounds into double play, 6-4-3 (Groundball, 6)
|
Top of the 1st over - 1 run(s), 1 hit(s), 0 error(s), 0 left on base; Nashua 1 - El Paso 0 |
BOTTOM OF THE 1ST |
El Paso Texans batting - Pitching for Nashua Redlegs : LHP Pedro Castro
|
Pitching: LHP Pedro Castro
|
|
Batting: RHB Ken Fingers
|
0-0: Ball 1-0: Ground out 4-3 (Groundball, 4)
|
Batting: RHB Wayne Carter
|
0-0: Foul Ball, location: 2F 0-1: Foul Ball, location: 2F 0-2: Ball 1-2: Ball 2-2: Ball 3-2: Fly out, F6 (Line Drive, 6)
|
Batting: LHB Guy Moss
|
0-0: Fly out, F7 (Line Drive, 7)
|
Bottom of the 1st over - 0 run(s), 0 hit(s), 0 error(s), 0 left on base; Nashua 1 - El Paso 0 |
TOP OF THE 2ND |
Nashua Redlegs batting - Pitching for El Paso Texans : RHP Cliff Wolfe
|
Batting: RHB Joe Noble
|
0-0: Called Strike 0-1: Ball 1-1: Foul Ball, location: 2F 1-2: Strikes out swinging
|
Batting: RHB José Zumaya
|
0-0: Ball 1-0: Ball 2-0: Foul Ball, location: 2F 2-1: SINGLE (Line Drive, 7LS)
|
Batting: RHB José García
|
0-0: Called Strike 0-1: Ball 1-1: Ball 2-1: Ground out 5-3 (Groundball, 56S) José Zumaya to second
|
Batting: RHB Manny Herrera
|
0-0: Ball 1-0: Ball 2-0: Called Strike 2-1: Called Strike 2-2: Ground out 6-3 (Groundball, 6S)
|
Top of the 2nd over - 0 run(s), 1 hit(s), 0 error(s), 1 left on base; Nashua 1 - El Paso 0 |
BOTTOM OF THE 2ND |
El Paso Texans batting - Pitching for Nashua Redlegs : LHP Pedro Castro
|
Batting: LHB Bernardo Morales
|
0-0: Called Strike 0-1: Swinging Strike 0-2: Strikes out looking
|
Batting: LHB Enrique Cruz
|
0-0: Swinging Strike 0-1: Foul Ball, location: 2F 0-2: Strikes out swinging
|
Batting: RHB Marvin Johnson
|
0-0: Ball 1-0: Ball 2-0: Ball 3-0: Base on Balls
|
Batting: LHB Michael Melton
|
0-0: Ball 1-0: Ball 2-0: Called Strike 2-1: SINGLE (Groundball, 4S) (infield hit) Marvin Johnson to second
|
Batting: LHB Roberto Félix
|
0-0: Foul Ball, location: 2F 0-1: Swinging Strike 0-2: Strikes out looking
|
Bottom of the 2nd over - 0 run(s), 1 hit(s), 0 error(s), 2 left on base; Nashua 1 - El Paso 0 |
TOP OF THE 3RD |
Nashua Redlegs batting - Pitching for El Paso Texans : RHP Cliff Wolfe
|
Batting: RHB Katsuhito Ohayashi
|
0-0: Ball 1-0: Ball 2-0: Called Strike 2-1: Called Strike 2-2: Strikes out looking
|
Batting: SHB Ryan Holcomb
|
0-0: Swinging Strike 0-1: Foul Ball, location: 2F 0-2: Ball 1-2: Ball 2-2: Strikes out swinging
|
Batting: RHB Spencer Pritchett
|
0-0: Called Strike 0-1: Foul Ball, location: 2F 0-2: Ball 1-2: Foul Ball, location: 2F 1-2: Foul Ball, location: 2F 1-2: Foul Ball, location: 2F 1-2: Ball 2-2: Ball 3-2: Strikes out swinging
|
Top of the 3rd over - 0 run(s), 0 hit(s), 0 error(s), 0 left on base; Nashua 1 - El Paso 0 |
BOTTOM OF THE 3RD |
El Paso Texans batting - Pitching for Nashua Redlegs : LHP Pedro Castro
|
Batting: RHB Andrew O'Dell
|
0-0: Ground out 1-3 (Groundball, 13S)
|
Batting: RHB Ken Fingers
|
0-0: SINGLE (Line Drive, 9S)
|
Batting: RHB Wayne Carter
|
0-0: Ball Ken Fingers steals 2nd base 1-0: Called Strike 1-1: Called Strike 1-2: Ground out 5-3 (Groundball, 56)
|
Batting: LHB Guy Moss
|
0-0: SINGLE (Groundball, 4MD) Ken Fingers to third Runner from 3rd tries for Home, SAFE, no throw
|
Batting: LHB Bernardo Morales
|
0-0: Ball 1-0: Ball 2-0: SINGLE (Line Drive, 89M) Guy Moss to second
|
Batting: LHB Enrique Cruz
|
0-0: Ball 1-0: DOUBLE (Line Drive, 8RXD) Guy Moss scores Bernardo Morales to third
|
Batting: RHB Marvin Johnson
|
0-0: DOUBLE (Flyball, 8LD) Bernardo Morales scores Enrique Cruz scores
|
Batting: LHB Michael Melton
|
0-0: Ball 1-0: Ball 2-0: Ball 3-0: Base on Balls
|
Batting: LHB Roberto Félix
|
0-0: Fielders Choice at 2nd, 4-6 (Groundball, 4)
|
Bottom of the 3rd over - 4 run(s), 5 hit(s), 0 error(s), 1 left on base; Nashua 1 - El Paso 4 |
TOP OF THE 4TH |
Nashua Redlegs batting - Pitching for El Paso Texans : RHP Cliff Wolfe
|
Batting: RHB Currito Campos
|
0-0: Ground out 4-3 (Groundball, 4)
|
Batting: RHB Eleuterio Supardo
|
0-0: Fly out, F9 (Flyball, 9S)
|
Batting: RHB Joe Noble
|
0-0: Ball 1-0: Ball 2-0: Called Strike 2-1: Foul Ball, location: 2F 2-2: Ground out 6-3 (Groundball, 6)
|
Top of the 4th over - 0 run(s), 0 hit(s), 0 error(s), 0 left on base; Nashua 1 - El Paso 4 |
BOTTOM OF THE 4TH |
El Paso Texans batting - Pitching for Nashua Redlegs : LHP Pedro Castro
|
Batting: RHB Andrew O'Dell
|
0-0: Swinging Strike 0-1: Foul Ball, location: 2F 0-2: Foul Ball, location: 2F 0-2: Ground out 5-3 (Groundball, 56S)
|
Batting: RHB Ken Fingers
|
0-0: Ball 1-0: Ball 2-0: Fly out, F8 (Flyball, 89M)
|
Batting: RHB Wayne Carter
|
0-0: Called Strike 0-1: Ball 1-1: Called Strike 1-2: Foul Ball, location: 2F 1-2: Ball 2-2: Ground out 5-3 (Groundball, 56)
|
Bottom of the 4th over - 0 run(s), 0 hit(s), 0 error(s), 0 left on base; Nashua 1 - El Paso 4 |
TOP OF THE 5TH |
Nashua Redlegs batting - Pitching for El Paso Texans : RHP Cliff Wolfe
|
Batting: RHB José Zumaya
|
0-0: Foul Ball, location: 2F 0-1: Swinging Strike 0-2: Foul Ball, location: 2F 0-2: Strikes out swinging
|
Batting: RHB José García
|
0-0: Ball 1-0: Ball 2-0: Ground out 6-3 (Groundball, 6)
|
Batting: RHB Manny Herrera
|
0-0: Ball 1-0: Ball 2-0: Fly out, F5 (Line Drive, 5)
|
Top of the 5th over - 0 run(s), 0 hit(s), 0 error(s), 0 left on base; Nashua 1 - El Paso 4 |
BOTTOM OF THE 5TH |
El Paso Texans batting - Pitching for Nashua Redlegs : LHP Pedro Castro
|
Batting: LHB Guy Moss
|
0-0: Swinging Strike 0-1: Foul Ball, location: 2F 0-2: Ground out 6-3 (Groundball, 6M)
|
Batting: LHB Bernardo Morales
|
0-0: Called Strike 0-1: Swinging Strike 0-2: Strikes out swinging
|
Batting: LHB Enrique Cruz
|
0-0: Swinging Strike 0-1: Foul Ball, location: 2F 0-2: Ball 1-2: SOLO HOME RUN (Flyball, 9D), Distance : 391 ft
|
Batting: RHB Marvin Johnson
|
0-0: Fly out, F8 (Line Drive, 8RD)
|
Bottom of the 5th over - 1 run(s), 1 hit(s), 0 error(s), 0 left on base; Nashua 1 - El Paso 5 |
TOP OF THE 6TH |
Nashua Redlegs batting - Pitching for El Paso Texans : RHP Cliff Wolfe
|
Batting: RHB Katsuhito Ohayashi
|
0-0: Ball 1-0: SINGLE (Line Drive, 8LS)
|
Batting: SHB Ryan Holcomb
|
0-0: SINGLE (Flyball, 8LS) Katsuhito Ohayashi to second
|
Batting: RHB Spencer Pritchett
|
0-0: Ground out 5-3 (Groundball, 56S) Katsuhito Ohayashi to third Ryan Holcomb to second
|
Batting: RHB Currito Campos
|
0-0: Ball 1-0: Ball 2-0: Reached on error, E6 (Groundball, 6MD) Katsuhito Ohayashi scores Ryan Holcomb scores
|
Batting: RHB Eleuterio Supardo
|
0-0: Ball 1-0: Ball 2-0: Ball 3-0: Base on Balls
|
Batting: RHB Joe Noble
|
0-0: Ball 1-0: Ball 2-0: Called Strike 2-1: Foul Ball, location: 2F 2-2: Ball 3-2: Strikes out swinging
|
Pitching: RHP Bill Hines
|
|
Batting: RHB José Zumaya
|
0-0: Ball 1-0: Foul Ball, location: 2F 1-1: Called Strike 1-2: Strikes out swinging
|
Top of the 6th over - 2 run(s), 2 hit(s), 1 error(s), 2 left on base; Nashua 3 - El Paso 5 |
BOTTOM OF THE 6TH |
El Paso Texans batting - Pitching for Nashua Redlegs : LHP Pedro Castro
|
Batting: LHB Michael Melton
|
0-0: Foul Ball, location: 2F 0-1: Called Strike 0-2: SINGLE (Groundball, 6D)
|
Batting: LHB Roberto Félix
|
0-0: Ball 1-0: Called Strike 1-1: Swinging Strike 1-2: Fly out, F7 (Flyball, 7S)
|
Batting: RHB Andrew O'Dell
|
0-0: Ball 1-0: Called Strike 1-1: Foul Ball, location: 2F 1-2: Foul Ball, location: 2F 1-2: Fielders Choice at 2nd, 6-4 (Groundball, 6)
|
Batting: RHB Ken Fingers
|
0-0: Called Strike 0-1: Ball 1-1: Ball 2-1: Foul Ball, location: 2F 2-2: Foul Ball, location: 2F 2-2: Strikes out looking
|
Bottom of the 6th over - 0 run(s), 1 hit(s), 0 error(s), 1 left on base; Nashua 3 - El Paso 5 |
TOP OF THE 7TH |
Nashua Redlegs batting - Pitching for El Paso Texans : RHP Bill Hines
|
Batting: RHB José García
|
0-0: Called Strike 0-1: Ball 1-1: Ball 2-1: Called Strike 2-2: Ball 3-2: Strikes out swinging
|
Batting: RHB Manny Herrera
|
0-0: Called Strike 0-1: Ball 1-1: Ball 2-1: Ball 3-1: Foul Ball, location: 2F 3-2: Foul Ball, location: 2F 3-2: Fly out, F9 (Flyball, 9S)
|
Batting: RHB Katsuhito Ohayashi
|
0-0: Ball 1-0: Foul Ball, location: 2F 1-1: Foul Ball, location: 2F 1-2: Fly out, F6 (Line Drive, 6)
|
Top of the 7th over - 0 run(s), 0 hit(s), 0 error(s), 0 left on base; Nashua 3 - El Paso 5 |
BOTTOM OF THE 7TH |
El Paso Texans batting - Pitching for Nashua Redlegs : LHP Pedro Castro
|
Pitching: LHP Jorge Melgaza
|
|
Batting: RHB Wayne Carter
|
0-0: Ball 1-0: Ball 2-0: Ground out 4-3 (Groundball, 4)
|
Batting: LHB Guy Moss
|
0-0: Ball 1-0: Ball 2-0: Foul Ball, location: 2F 2-1: Ball 3-1: Fly out, F8 (Flyball, 8LM)
|
Batting: LHB Bernardo Morales
|
0-0: Reached on error, E4 (Groundball, 4)
|
Batting: LHB Enrique Cruz
|
0-0: Ball Wild Pitch! Bernardo Morales to second 1-0: SINGLE (Line Drive, 3D) Bernardo Morales to third Runner from 3rd tries for Home, SAFE, throw made home
|
Batting: RHB Marvin Johnson
|
0-0: Ball 1-0: Ball 2-0: Ball 3-0: Base on Balls Enrique Cruz to second
|
Batting: LHB Michael Melton
|
0-0: Ball 1-0: Called Strike 1-1: Called Strike 1-2: Foul Ball, location: 2F 1-2: Strikes out swinging
|
Bottom of the 7th over - 1 run(s), 1 hit(s), 1 error(s), 2 left on base; Nashua 3 - El Paso 6 |
TOP OF THE 8TH |
Nashua Redlegs batting - Pitching for El Paso Texans : RHP Bill Hines
|
Batting: SHB Ryan Holcomb
|
0-0: Ball 1-0: Called Strike 1-1: Bunt for hit - play at first, batter safe!
|
Pitching: RHP Ralph Miller
|
|
Batting: RHB Spencer Pritchett
|
0-0: Called Strike 0-1: Fly out, F6 (Line Drive, 6)
|
Batting: RHB Currito Campos
|
0-0: Ball 1-0: Ball 2-0: Swinging Strike 2-1: Fly out, F9 (Flyball, 9LMF)
|
Batting: RHB Eleuterio Supardo
|
0-0: SINGLE (Groundball, 4MD) Ryan Holcomb to second Runner from 2nd tries for 3rd, SAFE, throw made to third
|
Batting: RHB Joe Noble
|
0-0: 3-RUN HOME RUN (Flyball, 9D), Distance : 393 ft
|
Pinch Hitting: RHB José Méndez
|
0-0: Ball 1-0: Fly out, F8 (Line Drive, 8LXD)
|
Top of the 8th over - 3 run(s), 3 hit(s), 0 error(s), 0 left on base; Nashua 6 - El Paso 6 |
BOTTOM OF THE 8TH |
El Paso Texans batting - Pitching for Nashua Redlegs : LHP Jorge Melgaza
|
Now at 3B: Ánibal Barrios
|
|
Pinch Hitting: RHB José Murillo
|
0-0: Foul Ball, location: 2F 0-1: Called Strike 0-2: Ball 1-2: Ball 2-2: Foul Ball, location: 2F 2-2: Ball Error on foul ball, E9 3-2: SINGLE (Line Drive, 56)
|
Batting: RHB Andrew O'Dell
|
0-0: Foul Ball, location: 2F 0-1: SINGLE (Groundball, 56S) (infield hit) José Murillo to second
|
Batting: RHB Ken Fingers
|
0-0: Sac Bunt - play at first, batter OUT! 1-4 José Murillo to third Andrew O'Dell to second
|
Pinch Hitting: RHB António Aguilar
|
0-0: Called Strike 0-1: Foul Ball, location: 2F 0-2: SINGLE (Groundball, 56D) José Murillo scores Andrew O'Dell to third Runner from 3rd tries for Home, SAFE, no throw
|
Pitching: LHP Tomás Salgado
|
|
Batting: LHB Guy Moss
|
0-0: Ball 1-0: Ball 2-0: Ball António Aguilar steals 2nd base 3-0: Intentional Walk
|
Pinch Hitting: RHB John Wilson
|
0-0: Grounds into double play, 6-4-3 (Groundball, 6)
|
Bottom of the 8th over - 2 run(s), 3 hit(s), 1 error(s), 1 left on base; Nashua 6 - El Paso 8 |
TOP OF THE 9TH |
Nashua Redlegs batting - Pitching for El Paso Texans : RHP Ralph Miller
|
Pitching: RHP Firmino Orsi
|
|
Now at 1B: Oliver Riley
|
|
Now at 3B: John Wilson
|
|
Now in LF: António Aguilar
|
|
Batting: RHB José García
|
0-0: Called Strike 0-1: Ground out 1-3 (Groundball, 13S)
|
Batting: RHB Manny Herrera
|
0-0: Swinging Strike 0-1: Ball 1-1: Called Strike 1-2: Strikes out swinging
|
Batting: RHB Katsuhito Ohayashi
|
0-0: Ball 1-0: Swinging Strike 1-1: Swinging Strike 1-2: Foul Ball, location: 2F 1-2: Ball 2-2: Strikes out swinging
|
Top of the 9th over - 0 run(s), 0 hit(s), 0 error(s), 0 left on base; Nashua 6 - El Paso 8 |
|